 Dungeon Crawl Stone Soup version 0.28-a0-706-gf6f64a616a (webtiles) character file.

Game seed: 13264369904560046333

7326 marklar909 the Cleaver (level 10, -13/82 HPs)
             Began as a Palentonga Fighter on Oct 24, 2021.
             Was a Priest of the Shining One.
             Killed by the air
             ... invoked by Gastronok
              (25 damage)
             ... on level 11 of the Dungeon.
             The game lasted 00:26:18 (15549 turns).

marklar909 the Cleaver (Palentonga Fighter)        Turns: 15549, Time: 00:26:19

Health: -13/82     AC: 26    Str: 21    XL:     10   Next: 90%
Magic:  20/20      EV:  5    Int: 23    God:    the Shining One [***...]
Gold:   662        SH:  8    Dex: 11    Spells: 20/23 levels left

rFire   + . .      SeeInvis +   A - +0 broad axe
rCold   . . .      Faith    .   u - +0 kite shield
rNeg    + + .      Spirit   .   w - +3 chain mail {rF+}
rPois   +          Reflect  .   k - +2 helmet {Int+3}
rElec   .          Harm     .   r - +2 ratskin cloak {*Rats rPois rN+ Str-1 Int-1 Dex+1}
rCorr   .          Rampage  .   (no gloves)
Will    .....                   (no barding)
Stlth   ..........              (no amulet)
HPRegen 0.23/turn               f - +6 ring of intelligence
MPRegen 0.17/turn               n - +6 ring of intelligence

@: about to teleport, glowing, studying 2 skills, curled up
A: large, rugged brown scales 3, see invisible, deformed body, roll 1, armoured
tail, reflexive curl
a: Rolling Charge, Renounce Religion, Divine Shield


You were on level 11 of the Dungeon.
You worshipped the Shining One.
The Shining One was most pleased with you.
You visited 1 branch of the dungeon, and saw 11 of its levels.
You also visited: Sewer and Bailey.

You collected 701 gold pieces.
You spent 39 gold pieces at shops.

Inventory:

Hand Weapons
 A - a +0 broad axe (weapon)
Missiles
 l - 59 poisoned darts (quivered)
 s - a throwing net
Armour
 c - +0 acid dragon scales
 k - a +2 helmet of intelligence (worn)
 p - a +0 helmet
 r - the +2 ratskin cloak (worn) {*Rats rPois rN+ Str-1 Int-1 Dex+1}
   (You found it on level 6 of the Dungeon)

   When the wearer is hurt, rats may emerge from it to assist them.
   Str:       It affects your strength (-1).
   Int:       It affects your intelligence (-1).
   Dex:       It affects your dexterity (+1).
   rPois:     It protects you from poison.
   rN:        It protects you from negative energy.
 u - a +0 kite shield (worn)
 w - a +3 chain mail of fire resistance (worn)
Jewellery
 f - a +6 ring of intelligence (left hand)
 n - a +6 ring of intelligence (right hand)
 C - a ring of magical power
Wands
 v - a wand of charming (13)
 x - a wand of digging (3)
 y - a wand of iceblast (4)
 D - a wand of flame (20)
Scrolls
 a - a scroll of amnesia
 g - 3 scrolls of teleportation
 i - 2 scrolls of identify
 j - 2 scrolls of magic mapping
 z - a scroll of enchant armour
Potions
 b - 2 potions of curing
 d - a potion of magic {unknown}
 e - 2 potions of heal wounds
 h - a potion of lignification {unknown}
 m - 2 potions of invisibility {unknown}
 o - 2 potions of flight
 q - 3 potions of haste {unknown}
 t - a potion of mutation {unknown}
 B - 2 potions of cancellation {unknown}
 E - a potion of brilliance {unknown}


   Skills:
 * Level 6.7 Fighting
 + Level 9.5 Axes
 + Level 1.7 Throwing
 * Level 7.3 Armour
 + Level 1.6 Dodging
 * Level 4.3 Shields
 + Level 7.3 Spellcasting
 + Level 3.8 Translocations
 * Level 3.7 Invocations
 * Level 2.3 Evocations


You had 20 spell levels left.
You knew the following spells:

 Your Spells              Type           Power      Damage    Failure   Level
b - Confusing Touch       Hex            8%         N/A       99%         3

Your spell library contained the following spells:

 Spells                   Type           Power      Damage    Failure   Level
 Corpse Rot               Necr/Air       16%        N/A       93%         2
 Ensorcelled Hibernation  Hex/Ice        16%        N/A       93%         2
 Slow                     Hex            8%         N/A       93%         2
 Spider Form              Tmut/Pois      4%         N/A       99%         3
 Vampiric Draining        Necr           4%         2d6       99%         3
 Dispel Undead            Necr           8%         3d8       100%        4
 Hailstorm                Conj/Ice       8%         3d4       100%        4
 Ice Form                 Ice/Tmut       8%         N/A       100%        4
 Iskenderun's Battlesphe  Conj           8%         2d6       100%        5
 Death Channel            Necr           4%         N/A       100%        6
 Iron Shot                Conj/Erth      4%         9d2       100%        6
 Simulacrum               Ice/Necr       4%         N/A       100%        6
 Spellforged Servitor     Conj/Summ      4%         N/A       100%        7


Dungeon Overview and Level Annotations

Branches:
Dungeon (11/15)            Temple (0/1) D:6            Lair (0/6) D:8
  Sewer (visited)          Bailey (visited)
    Orc: D:9-12

Altars:
Fedhas
Gozag
Hepliaklqana
Sif Muna
Vehumet
The Shining One

Shops:
D:1 [   D:5 **   D:8 :

Annotations:
D:5 2 transporters, RepHenryClay's ghost, novice NaFi
D:11 Gastronok


Innate Abilities, Weirdness & Mutations

You are completely covered in rugged brown scales. (AC +3, +7% HP)
You have supernaturally acute eyesight. (SInv)
Armour fits poorly on your strangely shaped body.
You can roll at nearby foes to attack.
You have a long armoured tail.
You curl defensively after being hit.


Message History

Okay, then.
Aiming: Iceblast
Press: ? - help, Shift-Dir - straight line The mass of ice explodes!
The iceblast engulfs Gastronok!
Gastronok is lightly wounded.
Unknown command.
Aiming: Iceblast
Press: ? - help, Shift-Dir - straight line The mass of ice explodes!
The iceblast engulfs Gastronok!
Gastronok is lightly wounded.
Gastronok waves his eye-stalks in wide circles.
The air twists around and strikes you!!
Unknown command.
Aiming: Iceblast
Press: ? - help, Shift-Dir - straight line The mass of ice explodes!
The iceblast engulfs Gastronok!!
Gastronok is moderately wounded.
Unknown command.
Aiming: Iceblast
Press: ? - help, Shift-Dir - straight line The mass of ice explodes!
The iceblast engulfs Gastronok.
Gastronok is moderately wounded.
Unknown command.
Aiming: Iceblast
Press: ? - help, Shift-Dir - straight line The mass of ice explodes!
The iceblast engulfs Gastronok!
Gastronok is heavily wounded.
Unknown command.
Aiming: Iceblast
Press: ? - help, Shift-Dir - straight line The mass of ice explodes!
The iceblast engulfs Gastronok!
Gastronok is heavily wounded.
Gastronok waves his eye-stalks in wide circles.
The air twists around and strikes you!!
* * * LOW HITPOINT WARNING * * *
As you read the scroll of teleportation, it crumbles to dust.
You feel strangely unstable.
Gastronok waves his eye-stalks in wide circles.
The air twists around and strikes you!!
You die...

#....8.......8....#.##
.......w...........#.##
....8.........8.....#.##
.....................#.##
.....8.......8........#.##
.......................#.#
......[.................##
#.#.#####..#######.####.#
#.#.######@## ####.# #.#
#.#.........###....# #.#
#.########(..#...######>#
..#####.# #.>............#
........########...#...########
#...[....†.......####........##.#
######.########## ########.##.#
#.# #.##.# #r# ########## #.##.#


You could see Gastronok.

Vanquished Creatures
  Maggie (D:6)
  A komodo dragon (D:10)
  A kobold demonologist (D:10)
  A tengu conjurer (D:9)
  2 trolls
  A hornet (D:9)
  A wyvern (D:10)
  A wraith (D:11)
  6 yaks (D:11)
  A water moccasin (D:7)
  An acid dragon (D:8)
  10 orc warriors
  2 black bears
  Purgy (Sewer)
  2 ice beasts
  A necrophage (D:8)
  3 ogres
  3 centaurs
  2 kobold brigands (D:10)
  A bullfrog (D:6)
  A wyvern zombie (D:6)
  A scorpion (D:4)
  9 wights
  3 howler monkeys
  A bullfrog zombie (D:6)
  3 centaur zombies
  A hound (D:4)
  A centaur skeleton (D:7)
  3 orc priests
  2 gnoll shamans
  A jelly (D:5)
  Jessica (D:3)
  5 hell rats (D:6)
  2 iguanas
  Ijyb (D:4)
  13 orc wizards
  2 howler monkey zombies (D:9)
  22 gnolls
  10 adders
  2 howler monkey skeletons
  17 river rats (D:6)
  2 worms
  2 dart slugs
  25 orcs
  A bat (D:3)
  3 endoplasms
  A giant cockroach (D:1)
  5 goblins
  15 hobgoblins
  31 kobolds
  7 ball pythons
  9 frilled lizards
  8 rats
252 creatures vanquished.

Vanquished Creatures (collateral kills)
  An orc (D:7)
1 creature vanquished.

Vanquished Creatures (others)
  6 plants (D:5)
6 creatures vanquished.

Grand Total: 259 creatures vanquished

Notes
Turn   | Place    | Note
-------+----------+-------------------------------------------
     0 | D:1      | marklar909 the Palentonga Fighter began the quest for the
                  | Orb.
     0 | D:1      | Reached XP level 1. HP: 19/19 MP: 1/1
   303 | D:1      | Reached XP level 2. HP: 25/25 MP: 2/2
   481 | D:1      | Found Wiepul's Armour Emporium.
  1301 | D:2      | Reached XP level 3. HP: 29/31 MP: 3/3
  1805 | D:3      | Noticed Jessica
  1823 | D:2      | Reached skill level 3 in Axes
  1966 | D:3      | Killed Jessica
  1967 | D:3      | Reached XP level 4. HP: 36/37 MP: 4/4
  2475 | D:3      | Found a hazy altar of Hepliaklqana.
  2604 | D:3      | Found a glowing golden altar of the Shining One.
  2761 | D:3      | Found a faded altar of an unknown god.
  2836 | D:3      | Became a worshipper of the Shining One
  2957 | D:4      | Found a shimmering blue altar of Sif Muna.
  2962 | D:4      | Reached XP level 5. HP: 43/43 MP: 5/5
  2968 | D:4      | Noticed an ogre
  2975 | D:4      | Killed an ogre
  2976 | D:4      | Reached skill level 4 in Axes
  3162 | D:4      | Reached XP level 6. HP: 35/50 MP: 6/6
  3303 | D:4      | Found a glowing drain.
  3327 | Sewer    | Entered a sewer
  3512 | Sewer    | Noticed Purgy
  3534 | Sewer    | Killed Purgy
  3535 | Sewer    | Reached skill level 5 in Axes
  3895 | D:4      | Noticed Ijyb
  3922 | D:4      | Killed Ijyb
  3923 | D:4      | Gained mutation: You curl defensively after being hit.
                  | [Palentonga growth]
  3923 | D:4      | Reached XP level 7. HP: 54/56 MP: 7/7
  4568 | D:4      | Found a radiant altar of Vehumet.
  4761 | D:5      | Entered Level 5 of the Dungeon
  4769 | D:5      | Reached skill level 6 in Axes
  4998 | D:4      | Identified a scroll of acquirement
  4998 | D:4      | Acquired a manual of Spellcasting
  5003 | D:4      | Learned a level 2 spell: Ensorcelled Hibernation
  5249 | D:5      | Found Bulour's General Store.
  5256 | D:5      | Bought a scroll of teleportation for 39 gold pieces
  5341 | D:5      | Reached skill level 1 in Spellcasting
  5390 | D:5      | Found Ixesag's Gadget Gallery.
  5451 | D:5      | Identified the +8 spear of Proximity {chaos, rF+ Will+
                  | SInv}
  5476 | D:5      | Found a transporter.
  5565 | D:5      | Reached XP level 8. HP: 65/65 MP: 10/10
  5608 | D:5      | Found a transporter.
  5619 | D:5      | Noticed RepHenryClay's ghost (novice NaFi)
  5619 | D:5      | Reached * piety under the Shining One
  5619 | D:5      | Identified the ring "Riampa Hiemm" {rCorr Int+8}
  6288 | D:6      | Reached skill level 1 in Dodging
  6326 | D:6      | Reached skill level 7 in Axes
  6580 | D:6      | Found the +2 ratskin cloak {*Rats rPois rN+ Str-1 Int-1
                  | Dex+1}
  6711 | D:6      | Reached ** piety under the Shining One
  6716 | D:6      | Reached skill level 5 in Armour
  7175 | D:6      | Found an opulent altar of Gozag.
  7177 | D:6      | Identified the +2 robe "Naamun" {rPois rF+}
  7441 | D:6      | Reached skill level 5 in Spellcasting
  7520 | D:6      | Found a staircase to the Ecumenical Temple.
  7613 | D:6      | Noticed Maggie
  7627 | D:6      | Killed Maggie
  7628 | D:6      | Reached skill level 5 in Fighting
  7628 | D:6      | Reached skill level 8 in Axes
  7628 | D:6      | Reached skill level 1 in Throwing
  7628 | D:6      | Reached XP level 9. HP: 31/72 MP: 13/17
  8293 | D:7      | Reached skill level 1 in Invocations
  8347 | D:7      | You fall into a shaft and drop 2 floors!
  8562 | D:8      | Found a blossoming altar of Fedhas.
  8624 | D:8      | Acquired a manual of Translocations
  8630 | D:8      | Learned a level 3 spell: Confusing Touch
  8959 | D:8      | Noticed a two-headed ogre
  9022 | D:6      | Reached skill level 1 in Translocations
 10269 | D:8      | Reached skill level 9 in Axes
 10501 | D:8      | Found Ovyqawy's Book Emporium.
 11219 | D:8      | Found a staircase to the Lair.
 11559 | D:9      | Reached *** piety under the Shining One
 11608 | D:9      | Noticed a tengu conjurer
 11612 | D:9      | Killed a tengu conjurer
 11613 | D:9      | Reached XP level 10. HP: 31/77 MP: 20/20
 11891 | D:9      | Paralysed by a hornet for 1 turns
 12276 | D:9      | Reached skill level 1 in Evocations
 12911 | D:10     | Entered Level 10 of the Dungeon
 13438 | D:10     | Found a flagged portal.
 13461 | Bailey   | Entered a bailey
 14797 | D:11     | Identified the +1 leather armour "Hiusexze" {rPois}
 14871 | D:11     | Noticed Gastronok
 15549 | D:11     | Killed from afar by Gastronok

Illustrated notes

Levels and vault maps discovered:
D:1:      psy_arrival_terrarium, layout_loops_ring, serial_shops, shop
D:2:      layout_loops_ring, chequers_jeans, serial_bayou_crossing
D:3:      layout_basic, mainiacjoe_overflow_swirl,
          shapermc_ecumenical_altar_venn, uniq_jessica
D:4:      layout_gridville, mainiacjoe_overflow_concentric_impassable,
          fiery_altar_vehumet, portal_sewer_entry_d, minivault_14, uniq_ijyb
D:5:      layout_basic, serial_shops, shop, gammafunk_ghost_gnarly_gnolls,
          minmay_misc_feat_iff, nicolae_shop_gadgets
D:6:      wander_guarded_unrand_ratskin, layout_loops_ring,
          mainiacjoe_overflow_catwalk, minmay_temple_entry_hall, uniq_maggie
D:7:      layout_basic
D:8:      layout_loops_corners, kennysheep_mini_moat, lair_entry_dummy,
          serial_shops, shop_fountains
D:9:      layout_loops_ring
D:10:     layout_irregular_city, enter_bailey_2
D:11:     wad_pebble_path, layout_loops_ring, uniq_gastronok

Skill      XL: |  1  2  3  4  5  6  7  8  9 10 |
---------------+-------------------------------+-----
Axes           | 3 4 5 6 8 9 |  9.5
Armour         | 3 4 5 6 7 |  7.3
Shields        | 3 4 |  4.3
Fighting       | 4 5 6 |  6.7
Spellcasting   | 1 5 6 7 |  7.3
Dodging        | 1 |  1.6
Throwing       | 1 |  1.7
Invocations    | 2 3 |  3.7
Translocations | 2 3 |  3.8
Evocations     | 2 |  2.3

Action                   |  1- 3 |  4- 6 |  7- 9 | 10-12 || total
-------------------------+-------+-------+-------+-------++-------
Melee: War axe           |    84 |   142 |   365 |   141 ||   732
       Tailslap          |     7 |    14 |    41 |    31 ||    93
       Broad axe         |       |       |       |    51 ||    51
Throw: Dart              |       |       |    15 |   104 ||   119
       Throwing net      |       |       |       |     1 ||     1
Invok: Divine Shield     |       |       |     2 |     2 ||     4
 Abil: Rolling Charge    |     2 |     3 |     2 |       ||     7
Evoke: Wand              |       |       |     8 |    12 ||    20
  Use: Potion            |       |     1 |     4 |     3 ||     8
       Scroll            |       |       |    15 |     5 ||    20
Armor: Scale mail        |    28 |       |       |       ||    28
       Plate armour      |    30 |   158 |       |       ||   188
       Chain mail        |       |       |   243 |   218 ||   461
Dodge: Dodged            |    21 |    49 |   109 |    54 ||   233
Block: Buckler           |    17 |    37 |    57 |       ||   111
       Kite shield       |       |       |    27 |   161 ||   188

Table legend: (Time is in decaauts)
 A = Elapsed time spent in this place.
 B = Non-inter-level travel time spent in this place.
 C = Inter-level travel time spent in this place.
 D = Time resting spent in this place.
 E = Time spent auto-exploring this place.
 F = Levels seen in this place.
 G = Mean time per level.
                   A        B        C        D        E       F      G
               +--------+--------+--------+--------+--------+-----+--------+
         Total |  15804 |  14688 |   1116 |   4145 |   8097 |  13 | 1215.7 |
       Dungeon |  14770 |  13654 |   1116 |   3772 |   7853 |  11 | 1342.7 |
         Sewer |    437 |    437 |      0 |    141 |    206 |   1 |  437.0 |
        Bailey |    596 |    596 |      0 |    232 |     37 |   1 |  596.0 |
               +--------+--------+--------+--------+--------+-----+--------+

Top non-repeatable levels by time:
     D:6: 2129 daAuts
     D:4: 1694 daAuts
     D:8: 1669 daAuts
     D:9: 1649 daAuts
     D:5: 1478 daAuts
     D:2: 1434 daAuts
    D:10: 1308 daAuts
     D:7: 1094 daAuts
     D:3: 790 daAuts
     D:1: 787 daAuts
    D:11: 733 daAuts
  Bailey: 596 daAuts
   Sewer: 437 daAuts
